 Dungeon Crawl Stone Soup version 0.21.1-1-g345015fe64 (webtiles) character file.

1697 Lavandula the Geomancer (level 9, 57/57 HPs)
             Began as a Barachi Earth Elementalist on July 23, 2018.
             Quit the game in the Ecumenical Temple.
             The game lasted 00:18:17 (3096 turns).

Lavandula the Geomancer (BaEE)                      Turns: 3096, Time: 00:18:17

Health: 57/57      AC:  8    Str: 11    XL:     9   Next: 3%
Magic:  27/27      EV: 12    Int: 18    God:
Gold:   203        SH:  0    Dex: 12    Spells: 7/20 levels left

rFire    . . .     SeeInvis .   q - +0 falchion
rCold    . . .     Gourm    .   (no shield)
rNeg     . . .     Faith    .   c - +0 robe
rPois    .         Spirit   .   (no helmet)
rElec    .         Reflect  .   (no cloak)
rCorr    .         Harm     .   m - +2 pair of gloves
MR       .....                  B - +2 pair of boots
Stlth    +.........             (no amulet)
HPRegen  0.19/turn              g - ring of magical power
MPRegen  0.20/turn              I - ring of loudness (curse)

@: slow
A: +LOS, swims, slowness 1, strong legs 1
a: Hop


You were in the Ecumenical Temple.
You were hungry.

You visited 2 branches of the dungeon, and saw 8 of its levels.
You also visited: Sewer.

You collected 203 gold pieces.

Inventory:

Hand Weapons
 a - a +0 whip of freezing
 i - a +0 short sword
 l - a +0 trident of flaming
 q - a +0 falchion (weapon)
 r - a +0 whip of pain
 D - a +0 dagger of draining
 K - a +5 spear
 L - a +0 blowgun
Missiles
 b - 66 stones (quivered)
 M - 12 poisoned needles
Armour
 c - a +0 robe (worn)
 h - a +0 ring mail
 m - a +2 pair of gloves (worn)
 w - a +0 scale mail
 B - a +2 pair of boots (worn)
Jewellery
 f - an uncursed ring of see invisible
 g - a ring of magical power (left hand)
 I - a cursed ring of loudness (right hand)
Scrolls
 j - 2 scrolls of teleportation
 k - a scroll of amnesia {unknown}
 u - a scroll of random uselessness {unknown}
 v - a scroll of magic mapping
 y - a scroll of blinking {unknown}
 E - a scroll of immolation {unknown}
 F - 2 scrolls of identify {unknown}
 G - a scroll of fog {unknown}
 H - a scroll of remove curse {unknown}
 J - a scroll of enchant weapon {unknown}
Potions
 n - a potion of ambrosia {unknown}
 o - 4 potions of might {unknown}
 s - 6 potions of curing {unknown}
 t - 5 potions of flight {unknown}
 x - a potion of invisibility {unknown}
 z - a potion of heal wounds {unknown}
 A - 2 potions of magic {unknown}
 C - a potion of cancellation {unknown}
Books
 e - a book of Geomancy

   Spells                             Type                      Level
   a - Sandblast                      Earth                        1
   b - Passwall                       Transmutation/Earth          2
   c - Stone Arrow                    Conjuration/Earth            3
   d - Petrify                        Transmutation/Earth          4
   e - Lee's Rapid Deconstruction     Earth                        5
 p - a book of Misfortune

   Spells                             Type                      Level
   a - Confusing Touch                Hexes                        1
   b - Confuse                        Hexes                        3
   c - Gell's Gravitas                Translocation                3
   d - Petrify                        Transmutation/Earth          4
   e - Metabolic Englaciation         Hexes/Ice                    5
   f - Yara's Violent Unravelling     Hexes/Transmutation          5
Comestibles
 d - 5 rations


   Skills:
 - Level 3.2 Long Blades
 - Level 2.1 Dodging
 - Level 1.7 Stealth
 - Level 6.0 Spellcasting
 - Level 1.1 Transmutations
 + Level 9.7 Earth Magic


You had 7 spell levels left.
You knew the following spells:

 Your Spells              Type           Power        Failure   Level  Hunger
a - Sandblast             Erth           #####.       1%          1    None
b - Stone Arrow           Conj/Erth      ###...       4%          3    ##.....
c - Petrify               Tmut/Erth      ###.....     13%         4    ####...
d - Lee's Rapid Deconstr  Erth           #####.....   6%          5    #####..


Dungeon Overview and Level Annotations

Branches:
Dungeon (7/15)             Temple (1/1) D:7

Altars:
Dithmenos
Fedhas
Hepliaklqana
Kikubaaqudgha
Makhleb
Nemelex Xobeh
Okawaru
Qazlal
Ru
Sif Muna
Trog
Uskayaw
Vehumet
Wu Jian
Xom
Yredelemnul
The Shining One

Annotations:
D:3 emmagoldmann2017's ghost, amateur GrFi


Innate Abilities, Weirdness & Mutations

Shadows flee at your approach. (+LOS)
You can swim through water.
You cover ground slowly.
You can hop short distances.


Message History

There is an open door here.
You open the door.
Found an ornate altar of the Wu Jian Council.
You open the door. You open the door.
Found a stormy altar of Qazlal.
There is an open door here.
You open the door.
Found a burning altar of Makhleb.
There is an open door here.
You open the door.
Found a hide-covered altar of Uskayaw.
You open the door.
Found a blossoming altar of Fedhas.
There is a staircase back to the Dungeon here.
You open the door.
Found a shadowy altar of Dithmenos.
Done exploring.
Unknown command.
Are you sure you want to abandon this character and quit the game? (Confirm with "yes".)

###########################
#.........@............<...
#.#######'#############..##
#.#._..#..#...#....#..#..#.
#.#....#_.#._.#....#..'..'.
#.##'######...#'#######..#.
#......#..#...#.#._#..#.###
#.####.#..#'###.#..#._#.#..
#.#_.'.#'##..⌠..##'#..#.#..
#.#..#.............##'#.#..


There were no monsters in sight!

Vanquished Creatures
  Pikel (D:6)
  Purgy (Sewer)
  A slave (D:6)
  An ogre (D:6)
  2 phantoms
  A centaur (D:3)
  A big kobold (D:7)
  A scorpion (D:4)
  4 killer bees (D:6)
  3 crimson imps (D:5)
  2 hounds
  2 orc wizards
  A bullfrog skeleton (D:4)
  A centaur skeleton (D:4)
  Jessica (D:3)
  3 worker ants
  2 hound skeletons (D:5)
  9 adders
  A white imp (D:5)
  3 worms
  2 dart slugs (D:3)
  4 leopard geckos
  5 orcs
  3 ball pythons (Sewer)
  4 giant cockroaches
  3 hobgoblins
  6 jackals
  4 quokkas
  A bat (D:3)
  8 frilled lizards
  7 goblins
  10 kobolds
  A quokka skeleton (D:6)
  7 rats
106 creatures vanquished.

Vanquished Creatures (others)
  A leopard gecko (D:7)
  A quokka (D:6)
2 creatures vanquished.

Grand Total: 108 creatures vanquished

Notes
Turn   | Place    | Note
-------+----------+-------------------------------------------
     0 | D:1      | Lavandula the Barachi Earth Elementalist began the quest for the Orb.
     0 | D:1      | Reached XP level 1. HP: 13/13 MP: 3/3
    89 | D:1      | Reached XP level 2. HP: 13/19 MP: 0/5
   351 | D:2      | Reached skill level 4 in Earth Magic
   351 | D:2      | Reached XP level 3. HP: 24/24 MP: 6/6
   356 | D:2      | Learned a level 3 spell: Stone Arrow
   409 | D:3      | Noticed a centaur
   456 | D:3      | Killed a centaur
   456 | D:3      | Reached skill level 5 in Earth Magic
   456 | D:3      | Reached XP level 4. HP: 14/30 MP: 7/7
   462 | D:3      | Learned a level 4 spell: Petrify
   489 | D:3      | Reached XP level 5. HP: 16/35 MP: 2/8
   493 | D:3      | Noticed emmagoldmann2017's ghost (amateur GrFi)
   743 | D:3      | Found a faded altar of an unknown god.
   894 | D:4      | Noticed a phantom
   920 | D:4      | Killed a phantom
   920 | D:4      | Reached skill level 6 in Earth Magic
   920 | D:4      | Reached XP level 6. HP: 41/41 MP: 2/9
   972 | D:4      | Reached skill level 7 in Earth Magic
  1061 | D:3      | Noticed Jessica
  1065 | D:3      | Killed Jessica
  1281 | D:4      | Found a glowing drain.
  1326 | Sewer    | Entered a sewer
  1352 | Sewer    | Noticed Purgy
  1360 | Sewer    | Killed Purgy
  1360 | Sewer    | Reached XP level 7. HP: 46/46 MP: 7/12
  1631 | D:5      | Entered Level 5 of the Dungeon
  1913 | D:5      | Found a sparkling altar of Nemelex Xobeh.
  2176 | D:6      | Noticed Pikel
  2187 | D:5      | Learned a level 5 spell: Lee's Rapid Deconstruction
  2349 | D:5      | Reached skill level 5 in Spellcasting
  2586 | D:6      | Reached XP level 8. HP: 52/52 MP: 8/16
  2661 | D:6      | Killed Pikel
  2661 | D:6      | Reached skill level 8 in Earth Magic
  2778 | D:6      | Reached skill level 9 in Earth Magic
  2796 | D:6      | Noticed a moth of wrath
  2821 | D:6      | Found a bloodstained altar of Trog.
  2899 | D:7      | Found a staircase to the Ecumenical Temple.
  2921 | D:7      | Reached XP level 9. HP: 42/57 MP: 10/18
  2944 | Temple   | Entered the Ecumenical Temple
  3096 | Temple   | Quit the game

Skill      XL: |  1  2  3  4  5  6  7  8 |
---------------+-------------------------+-----
Earth Magic    | 4 5 6 7 9 |  9.7
Spellcasting   | 3 5 6 |  6.0
Long Blades    | 2 3 |  3.2
Dodging        | |  2.1
Stealth        | |  1.7
Transmutations | |  1.1

Action                   |  1- 3 |  4- 6 |  7- 9 || total
-------------------------+-------+-------+-------++-------
Melee: Unarmed           |     8 |       |       ||     8
       Falchion          |       |    71 |    96 ||   167
       Short sword       |       |    10 |       ||    10
       Whip              |       |     5 |       ||     5
 Cast: Sandblast         |    27 |    21 |    29 ||    77
       Stone Arrow       |     1 |    25 |    22 ||    48
       Lee's Rapid Decon |       |       |     5 ||     5
 Abil: Hop               |     1 |     1 |       ||     2
  Use: Scroll            |       |       |     7 ||     7
 Stab: Sleeping          |       |     1 |     2 ||     3
  Eat: Chunk             |       |     2 |     6 ||     8
       Ration            |       |     1 |     1 ||     2
Armor: Robe              |     4 |    23 |    46 ||    73
Dodge: Dodged            |    12 |    80 |    86 ||   178
       Rpst.: Falchion   |       |    14 |    28 ||    42
